 Dungeon Crawl Stone Soup version 0.20-a0-760-g49f5558 (webtiles) character file.

269 polly the Slasher (level 6, -1/53 HPs)
             Began as a Draconian Berserker on Feb 25, 2017.
             Was a Priest of Trog.
             Slain by an orc warrior
             ... wielding a +0 long sword
              (20 damage)
             ... on level 4 of the Dungeon.
             The game lasted 00:03:07 (3238 turns).

polly the Slasher (Draconian Berserker)             Turns: 3238, Time: 00:03:07

Health: -1/53      AC:  8    Str: 19    XL:     6   Next: 1%
Magic:  6/6        EV: 14    Int:  7    God:    Trog [***...]
Gold:   203        SH:  0    Dex: 13    Spells: 5/5 levels left

rFire    . . .     SeeInvis .   a - +0 falchion
rCold    . . .     Gourm    .   (armour unavailable)
rNeg     . . .     Faith    .   (no shield)
rPois    .         Spirit   .   (helmet restricted)
rElec    .         Reflect  .   j - +0 cloak
rCorr    .         Harm     .   (no gloves)
MR       .....                  e - +0 pair of boots
Stlth    ++........             n - amulet of regeneration
Regen    0.6/turn               (no ring)
MPRegen  0.1/turn               (no ring)

@: no status effects
A: unfitting armour, cold-blooded, AC +6
a: Berserk, Trog's Hand, Burn Spellbooks, Renounce Religion


You were on level 4 of the Dungeon.
You worshipped Trog.
Trog was most pleased with you.
You were not hungry.

You visited 1 branch of the dungeon, and saw 4 of its levels.
You also visited: Sewer.

You collected 203 gold pieces.

Inventory:

Hand Weapons
 a - a +0 falchion (weapon)
Armour
 e - a +0 pair of boots (worn)
 j - a +0 cloak (worn)
Jewellery
 n - an amulet of regeneration (around neck)
 q - an uncursed amulet of faith {unknown}
Scrolls
 h - a scroll of remove curse {unknown}
 l - 6 scrolls of identify {unknown}
 s - 3 scrolls of immolation {unknown}
 u - 3 scrolls of teleportation {unknown}
 v - a scroll of fear {unknown}
 x - a scroll of enchant armour {unknown}
 y - 3 scrolls of recharging {unknown}
 z - a scroll of fog {unknown}
Potions
 c - 3 potions of heal wounds
 d - 2 potions of brilliance {unknown}
 f - 2 potions of lignification {unknown}
 g - a potion of cancellation {unknown}
 i - 3 potions of might {unknown}
 k - 2 potions of magic {unknown}
 m - 3 potions of agility {unknown}
 o - a potion of berserk rage {unknown}
 r - 3 potions of haste {unknown}
 t - a potion of degeneration {unknown}
 A - 2 potions of invisibility {unknown}
 B - 4 potions of flight {unknown}
Comestibles
 b - 6 bread rations
 p - 2 meat rations
 w - 2 royal jellies


   Skills:
 + Level 4.5 Fighting
 + Level 5.0 Long Blades
 + Level 3.9 Dodging
 - Level 1.0 Stealth


You had 5 spell levels left.
You didn't know any spells.

Dungeon Overview and Level Annotations

Branches:
Dungeon (4/15)             Temple (0/1) D:4

Altars:
Makhleb
Qazlal
Vehumet
Xom


Innate Abilities, Weirdness & Mutations

Your plain brown scales are hard. (AC +6)
You cannot fit into any form of body armour.
You are cold-blooded and may be slowed by cold attacks.


Message History

You feel sick.
The orc warrior hits you with a long sword.
You closely miss the orc warrior.
The orc warrior is moderately wounded.
The orc warrior hits you with a long sword.
You closely miss the orc warrior.
The orc warrior is moderately wounded.
You closely miss the orc warrior.
The orc warrior is moderately wounded.
The orc warrior hits you with a long sword.
You hit the orc warrior but do no damage.
You tail-slap the orc warrior, but do no damage.
The orc warrior is moderately wounded.
You feel sick.
You are no longer poisoned.
The orc warrior closely misses you.
You hit the orc warrior but do no damage.
The orc warrior is moderately wounded.
The orc warrior hits you with a long sword!!
You die...

...#####+##......# #≈≈≈≈≈≈≈≈≈≈..#
..........#......# ##≈≈####≈≈##.#
..........#......# #≈##≈≈#####.#
..........#.###### #≈#≈≈≈≈≈≈##.#
....).....#.# #≈#≈.≈≈≈≈##.#
............# #≈##≈≈##≈##.#
..........o.# ##≈≈####÷÷##.#
........(...########≈≈≈≈≈≈≈≈≈≈###
########...>hhoo@..##≈≈####≈≈##
###########.##############
#............... #...###.#######.
##### #.# #. #.# #. #.# #. #.# #.
#.# #.


You could see an orc warrior, an orc and 2 jackals.

Vanquished Creatures
  A worker ant (D:4)
  A hound skeleton (D:4)
  7 adders
  4 gnolls
  A river rat (D:4)
  3 oozes
  An adder skeleton (D:4)
  2 worms
  A dart slug (D:1)
  8 leopard geckos
  6 orcs
  12 bats
  6 giant cockroaches
  9 goblins
  6 hobgoblins
  4 jackals (Sewer)
  2 quokkas (D:4)
  2 ball pythons
  A frilled lizard (D:4)
  6 kobolds
  5 rats
88 creatures vanquished.

Notes
Turn   | Place    | Note
-------+----------+-------------------------------------------
     0 | D:1      | polly the Draconian Berserker began the quest for the Orb.
     0 | D:1      | Reached XP level 1. HP: 19/19 MP: 1/1
   134 | D:1      | Reached XP level 2. HP: 23/26 MP: 2/2
   799 | D:2      | Reached XP level 3. HP: 24/33 MP: 3/3
   999 | D:2      | Reached ** piety under Trog
  1013 | D:2      | Found a shimmering altar of Xom.
  1246 | D:2      | Reached XP level 4. HP: 40/40 MP: 4/4
  1697 | D:3      | Reached skill level 1 in Stealth
  1782 | D:3      | Reached skill level 4 in Long Blades
  1825 | D:3      | Found a stormy altar of Qazlal.
  1881 | D:3      | Found a radiant altar of Vehumet.
  2024 | D:3      | Reached XP level 5. HP: 42/47 MP: 5/5
  2401 | D:4      | Found a glowing drain.
  2410 | Sewer    | Entered a sewer
  2423 | Sewer    | Reached *** piety under Trog
  2949 | D:4      | Found a staircase to the Ecumenical Temple.
  2976 | D:4      | Found a burning altar of Makhleb.
  3206 | D:4      | Noticed an orc warrior
  3211 | D:4      | Reached skill level 5 in Long Blades
  3211 | D:4      | Reached XP level 6. HP: 51/53 MP: 6/6
  3238 | D:4      | Slain by an orc warrior

Vault maps used:
D:1:      dpeg_arrival_solitude
D:2:      first_bread, xom_teletrap_fun
D:3:      vehumet_crystals, old_standard_altar, nrook_loot_triangle
D:4:      nicolae_overflow_hidden_temple, minmay_temple_entry_trees,
          gup_sewer_entry_bubbles
Sewer:    sewer_fruit_machine

Skill      XL: |  1  2  3  4  5 |
---------------+----------------+-----
Dodging        | 3 |  3.9
Fighting       | 4 |  4.5
Stealth        | 1 |  1.0
Long Blades    | 4 5 |  5.0

Action                   |  1- 3 |  4- 6 || total
-------------------------+-------+-------++-------
Melee: Falchion          |   100 |   222 ||   322
       Tailslap          |     7 |    46 ||    53
  Use: Potion            |       |     1 ||     1
 Stab: Sleeping          |     2 |     1 ||     3
  Eat: Chunk             |     1 |     7 ||     8
Armor: Skin              |    40 |    96 ||   136
Dodge: Dodged            |    82 |   197 ||   279
       Rpst.: Falchion   |    23 |    67 ||    90
